 Dungeon Crawl Stone Soup version 0.18.1-47-g9310371 (webtiles) character file.

55144 rjaguar3 the Spry (level 14, -8/127 HPs)
             Began as a Minotaur Berserker on June 19, 2016.
             Was a High Priest of Trog.
             Mangled by an angel
             ... wielding a +1 whip of holy wrath
              (12 damage)
             ... on level 3 of the Abyss.
             The game lasted 01:52:39 (18239 turns).

rjaguar3 the Spry (Minotaur Berserker)             Turns: 18239, Time: 01:52:42

Health: -8/127     AC: 10    Str: 27    XL:     14   Next: 37%
Magic:  4/4        EV: 21    Int:  4    God:    Trog [*****.]
Gold:   1067       SH:  6    Dex: 14    Spells: 0 memorised, 13 levels left

rFire  . . .     SeeInvis .     H - +5 flail (antimagic)
rCold  + . .     Gourm    .     F - +2 robe {MR+}
rNeg   . . .     Faith    .     v - +0 buckler
rPois  .         Spirit   .     (helmet restricted)
rElec  +         Dismiss  .     q - +0 cloak
rCorr  .         Reflect  .     l - +4 pair of gloves of Imperfection {MR+}
SustAt .         Harm     .     (no boots)
MR     +++++     NoTele   +     g - amulet of regeneration
Stlth  ++........               i - ring "Duqelow" {-Tele +Fly rElec Str+4}
                                E - ring of protection from cold

@: exhausted, regenerating, slowed, glowing, studying Throwing, drained, very
slow, almost entirely resistant to hostile enchantments, unstealthy
A: retaliatory headbutt, horns 2
a: Berserk, Trog's Hand, Brothers in Arms, Burn Spellbooks, Renounce Religion,
Evoke Flight


You were on level 3 of the Abyss.
You worshipped Trog.
Trog was extremely pleased with you.
You were not hungry.

You visited 2 branches of the dungeon, and saw 18 of its levels.
You visited the Abyss 1 time.
You also visited: Labyrinth and Ossuary.

You collected 1067 gold pieces.

Inventory:

Hand Weapons
 d - a +2 mace of freezing
 x - a +0 hunting sling
 y - a +2 war axe of flaming
 H - a +5 antimagic flail (weapon)
 V - a +2 hand axe of electrocution
Missiles
 C - 150 stones (quivered)
 J - a poisoned tomahawk
Armour
 l - the +4 pair of gloves of Imperfection (worn) {MR+}
   (You found it on level 1 of the Lair of Beasts)

   It affects your resistance to hostile enchantments.
 q - a +0 cloak (worn)
 v - a +0 buckler (worn)
 F - a +2 robe of magic resistance (worn)
Rods
 a - a +2 rod of shadows (11/11)
   (You took it off a minotaur in a labyrinth)
Jewellery
 g - an amulet of regeneration (around neck)
 i - the ring "Duqelow" (right hand) {-Tele +Fly rElec Str+4}
   (You found it on level 4 of the Lair of Beasts)

   [ring of flight]

   It affects your strength (+4).
   It insulates you from electricity.
   It lets you fly.
   It prevents most forms of teleportation.
 k - an uncursed ring of see invisible
 D - an uncursed ring of resist corrosion
 E - a ring of protection from cold (left hand)
 Q - an uncursed ring of fire
Wands
 f - a wand of lightning (15/15)
 p - a wand of flame (22/48)
 s - a wand of iceblast (7/15)
 G - a wand of polymorph (13/24)
 T - a wand of heal wounds (4/9)
Scrolls
 h - 8 scrolls of remove curse
 n - 9 scrolls of teleportation
 r - 4 scrolls of blinking
 I - 9 scrolls of recharging
 M - 3 scrolls of fog
 W - a scroll of acquirement {unknown}
 Y - a scroll of enchant weapon
 Z - a scroll of enchant armour
Potions
 e - a potion of ambrosia
 j - 4 potions of might
 m - 2 potions of haste
 o - 8 potions of curing
 u - 4 potions of brilliance
 z - 3 potions of agility
 A - 2 potions of cure mutation
 B - a potion of heal wounds
 L - a potion of invisibility {unknown}
 P - 5 potions of flight
 R - a potion of resistance
 S - 2 potions of cancellation
Books
 O - a manual of Throwing
 X - a book of Battle

   Spells                             Type                      Level
   a - Infusion                       Charms                       1
   b - Shroud of Golubria             Charms/Translocation         2
   c - Song of Slaying                Charms                       2
   d - Spectral Weapon                Hexes/Charms                 3
   e - Regeneration                   Charms/Necromancy            3
   Trog disapproves of the use of such an item.
Comestibles
 c - 7 bread rations
 t - a slice of pizza
 w - 23 fruits
 K - 11 meat rations
 N - 2 beef jerkies


   Skills:
 + Level 12.9(12.1) Fighting
 + Level 14.9(14.1) Maces & Flails
 + Level 5.0(4.3) Throwing
 + Level 2.8(2.2) Armour
 + Level 15.9(15.0) Dodging
 + Level 8.5(7.8) Stealth
 + Level 7.8(7.0) Shields
 + Level 0.3(0.0) Evocations


You had 13 spell levels left.
You didn't know any spells.

Dungeon Overview and Level Annotations

Branches:
Dungeon (10/15)            Temple (0/1) D:7            Lair (8/8) D:10
  Swamp (0/4) Lair:6        Snake (0/4) Lair:3
  Slime: Lair:6-8       Orc: D:9-12

Altars:
Ashenzari
Dithmenos
Fedhas
Gozag
Kikubaaqudgha
Nemelex Xobeh
Ru
Vehumet
Xom
The Shining One

Annotations:
D:5 Prince Ribbit; Rationalist's ghost, novice MiBe
Lair:1 exclusions: electric eel and hydra
Lair:6 Josephine
Lair:7 exclusion: oklob plant


Innate Abilities, Weirdness & Mutations

You reflexively headbutt those who attack you in melee.
You have a pair of horns on your head.


Message History

You feel slightly more hungry. You block the angel's attack.
The angel barely misses you.
Your two-headed ogre barely misses the angel.
Your two-headed ogre hits the angel with a giant club!
The angel hits you with a whip of holy wrath!!
You block the angel's attack.
You hit the angel but do no damage.
The angel is lightly wounded.
Your two-headed ogre misses the angel.
Your two-headed ogre hits the angel with a giant club!!
The angel hits you with a whip of holy wrath!!
* * * LOW HITPOINT WARNING * * *
The angel hits you with a whip of holy wrath.
* * * LOW HITPOINT WARNING * * *
Your two-headed ogre closely misses the angel.
Your two-headed ogre hits the angel with a giant club!
The angel hits you with a whip of holy wrath!!
* * * LOW HITPOINT WARNING * * *
The angel hits you with a whip of holy wrath!
You die...

#. .≈
≈≈ .
# ≈.
#
##!#§
.## .
#§2#
.#
h§§ #
# #
v# ♣
# # ≈
≈
####
# ≈
#@# #
#A#
..
#.O.
#
#..#
.#
#..##
#
##.#
###


You could see an angel and a friendly two-headed ogre (berserk).

Vanquished Creatures
  A profane servitor (Abyss:3)
  A green death (Abyss:3)
  A minotaur (Lab)
  7 hydras
  A catoblepas (Lair:6)
  2 death yaks (Lair:4)
  5 thrashing horrors
  A large abomination (Abyss:2)
  A worldbinder (Abyss:2)
  14 elephants
  5 black mambas
  19 spiny frogs
  A torpor snail (Lair:4)
  A gargoyle (D:10)
  2 rime drakes
  8 komodo dragons
  3 giant leeches (Lair:6)
  A polar bear (Lair:8)
  A raiju (Abyss:2)
  2 two-headed ogres
  16 blink frogs
  2 ynoxinuls (Abyss:2)
  Sigmund (D:5)
  2 wraiths (Lair:6)
  A spriggan (Lair:8)
  59 yaks
  A hungry ghost (D:9)
  6 hippogriffs
  8 water moccasins
  3 nagas (Lair:3)
  10 porcupines
  Duvessa (D:5)
  An orc warrior (D:7)
  2 wasps
  2 ice beasts
  4 ogres
  A phantom (D:6)
  2 black bears
  11 wolves (Lair:8)
  9 centaurs
  3 small abominations
  16 crocodiles
  Blork the orc (D:4)
  A wyvern zombie (D:7)
  16 giant frogs
  A gnoll sergeant (D:6)
  Dowan (D:5)
  2 scorpions
  3 killer bees (D:9)
  8 wights
  2 electric eels (Lair:3)
  5 crimson imps
  3 centaur zombies
  A giant frog zombie (D:8)
  3 quasits
  2 starcursed masses (Abyss:3)
  5 hounds
  5 jellies
  A centaur skeleton (D:9)
  3 orc priests
  Crazy Yiuf (D:5)
  Ijyb (D:3)
  Jessica (D:3)
  A giant frog skeleton (D:4)
  3 orc wizards
  4 iguanas
  7 worker ants
  6 sheep (Lair:7)
  2 hound skeletons (D:9)
  9 mummies
  7 adders
  A worker ant zombie (D:8)
  8 gnolls
  22 river rats
  2 shadow imps (D:10)
  2 adder skeletons
  3 worms
  2 dart slugs (D:2)
  5 giant geckos
  25 orcs
  5 bats
  4 giant cockroaches
  15 goblins
  5 hobgoblins
  12 jackals
  8 kobolds
  3 quokkas
  A ball python (D:5)
  5 giant newts
  A gnoll skeleton (Ossuary)
  3 goblin skeletons (Ossuary)
  3 orc skeletons (Ossuary)
  2 orc zombies (D:4)
  A quokka skeleton (D:6)
  7 rats
  10 rat skeletons (Ossuary)
  A fungus (D:5)
  3 plants
502 creatures vanquished.

Vanquished Creatures (collateral kills)
  Urug (Lair:3)
  A freezing wraith (Abyss:3)
  A flying skull (Abyss:3)
  A basilisk (Lair:3)
  A naga (Lair:3)
  A starcursed mass (Abyss:3)
6 creatures vanquished.

Vanquished Creatures (others)
  3 mummies (Ossuary)
  A kobold skeleton (Ossuary)
  A rat skeleton (Ossuary)
  A bush (Lair:4)
  2 fungi (Lair:4)
  A lurking horror (Abyss:3)
  34 plants (Lair:4)
43 creatures vanquished.

Grand Total: 551 creatures vanquished

Notes
Turn   | Place    | Note
--------------------------------------------------------------
     0 | D:1      | rjaguar3 the Minotaur Berserker began the quest for the Orb.
     0 | D:1      | Reached XP level 1. HP: 19/19 MP: 0/0
   314 | D:1      | Reached XP level 2. HP: 27/27 MP: 1/1
  1034 | D:2      | Reached ** piety under Trog
  1034 | D:2      | Reached XP level 3. HP: 33/33 MP: 2/2
  1192 | D:2      | Found a sacrificial altar of Ru.
  1197 | D:2      | Reached skill level 3 in Dodging
  1197 | D:2      | Reached XP level 4. HP: 38/41 MP: 3/3
  1654 | D:3      | Noticed Jessica
  1774 | D:3      | Noticed Ijyb
  1777 | D:3      | Killed Ijyb
  1777 | D:3      | Reached skill level 5 in Maces & Flails
  1867 | D:3      | Reached XP level 5. HP: 47/47 MP: 4/4
  1923 | D:3      | Reached *** piety under Trog
  1963 | D:3      | Reached skill level 5 in Fighting
  2062 | D:3      | Found a blossoming altar of Fedhas.
  2352 | D:3      | Killed Jessica
  2352 | D:3      | Reached skill level 1 in Stealth
  2405 | D:4      | Noticed Blork the orc
  2665 | D:4      | Reached XP level 6. HP: 56/56 MP: 5/5
  2677 | D:4      | Killed Blork the orc
  2677 | D:4      | Reached skill level 4 in Dodging
  2715 | D:4      | Found a sand-covered staircase.
  2722 | Ossuary  | Entered an ossuary
  3324 | D:4      | Reached XP level 7. HP: 50/62 MP: 6/6
  3492 | D:4      | Found an opulent altar of Gozag.
  3950 | D:5      | Entered Level 5 of the Dungeon
  3956 | D:5      | Noticed Rationalist's ghost (novice MiBe)
  3989 | D:5      | Noticed Dowan
  4025 | D:5      | Noticed Duvessa
  4139 | D:5      | Killed Dowan
  4143 | D:5      | Killed Duvessa
  4143 | D:5      | Reached skill level 5 in Dodging
  4171 | D:5      | Noticed Sigmund
  4309 | D:5      | Killed Sigmund
  4309 | D:5      | Reached skill level 1 in Shields
  4382 | D:5      | Noticed Prince Ribbit
  4400 | D:5      | Noticed Crazy Yiuf
  4404 | D:5      | Killed Crazy Yiuf
  4404 | D:5      | Reached XP level 8. HP: 70/70 MP: 7/7
  4511 | D:5      | Found a sparkling altar of Nemelex Xobeh.
  5125 | D:6      | Reached skill level 6 in Dodging
  5715 | D:6      | Found a shattered altar of Ashenzari.
  5717 | D:6      | Found an ancient bone altar of Kikubaaqudgha.
  5719 | D:6      | Found a shadowy altar of Dithmenos.
  5793 | D:6      | Found a glowing golden altar of the Shining One.
  5849 | D:7      | Reached skill level 1 in Throwing
  6144 | D:7      | Found a staircase to the Ecumenical Temple.
  6211 | D:7      | Reached skill level 7 in Dodging
  6211 | D:7      | Reached XP level 9. HP: 72/78 MP: 8/8
  7019 | D:9      | Reached **** piety under Trog
  7019 | D:9      | Reached skill level 8 in Dodging
  7063 | D:9      | Reached skill level 5 in Stealth
  7067 | D:9      | Reached skill level 9 in Dodging
  7376 | D:9      | Reached XP level 10. HP: 88/88 MP: 9/9
  7703 | D:10     | Entered Level 10 of the Dungeon
  7723 | D:10     | Noticed a gargoyle
  7733 | D:10     | Killed a gargoyle
  7733 | D:10     | Reached skill level 10 in Maces & Flails
  8180 | D:10     | Received a gift from Trog
  8415 | D:10     | Found a staircase to the Lair.
  8471 | D:10     | Reached skill level 10 in Dodging
  8812 | Lair:1   | Entered Level 1 of the Lair of Beasts
  8898 | Lair:1   | Got a pair of shimmering gloves
  8909 | Lair:1   | Identified the +4 pair of gloves of Imperfection {MR+} (You found it on level 1 of the Lair of Beasts)
  9081 | Lair:1   | Noticed a black mamba
  9089 | Lair:1   | Killed a black mamba
  9215 | Lair:1   | Noticed a spiny frog
  9223 | Lair:1   | Killed a spiny frog
  9240 | Lair:1   | Reached XP level 11. HP: 97/97 MP: 10/10
  9338 | Lair:1   | Reached skill level 11 in Dodging
  9977 | Lair:1   | Noticed an eight-headed hydra
 10609 | Lair:2   | Reached ***** piety under Trog
 10679 | Lair:2   | Noticed a six-headed hydra
 10685 | Lair:2   | Killed a six-headed hydra
 10685 | Lair:2   | Reached skill level 12 in Dodging
 10782 | Lair:2   | Reached skill level 10 in Fighting
 11217 | Lair:3   | Noticed a seven-headed hydra
 11229 | Lair:3   | Killed a seven-headed hydra
 11453 | Lair:3   | Found a radiant altar of Vehumet.
 11492 | Lair:3   | Found a staircase to the Snake Pit.
 11498 | Lair:3   | Noticed Urug
 11534 | Lair:3   | Killed Urug
 11534 | Lair:3   | Reached XP level 12. HP: 86/106 MP: 11/11
 12743 | Lair:4   | Reached skill level 5 in Shields
 12853 | Lair:4   | Noticed a death yak
 12863 | Lair:4   | Killed a death yak
 12901 | Lair:4   | Noticed a death yak
 12918 | Lair:4   | Killed a death yak
 12918 | Lair:4   | Reached skill level 13 in Dodging
 13297 | Lair:4   | Noticed a four-headed hydra
 13303 | Lair:4   | Killed a four-headed hydra
 13844 | Lair:4   | Got a translucent turquoise ring
 13846 | Lair:4   | Identified the ring "Duqelow" {-Tele +Fly rElec Str+4} (You found it on level 4 of the Lair of Beasts)
 14295 | Lair:5   | Found a labyrinth entrance.
 14324 | Lab      | Entered a labyrinth
 14476 | Lab      | Noticed a minotaur
 14486 | Lab      | Killed a minotaur
 14502 | Lab      | Got a fine chain mail
 14515 | Lair:5   | Identified a +2 rod of shadows (8/11) (You took it off a minotaur in a labyrinth)
 14582 | Lair:5   | Reached skill level 14 in Dodging
 14611 | Lair:5   | Received a gift from Trog
 14677 | Lair:5   | Noticed an eight-headed hydra
 14684 | Lair:5   | Killed an eight-headed hydra
 14684 | Lair:5   | Reached XP level 13. HP: 116/116 MP: 12/12
 14818 | Lair:5   | Received a gift from Trog
 15855 | Lair:6   | Found a staircase to the Swamp.
 15949 | Lair:6   | Noticed Josephine
 15991 | Lair:6   | Found a shimmering altar of Xom.
 16839 | Lair:7   | Reached skill level 15 in Dodging
 17391 | Lair:8   | Entered Level 8 of the Lair of Beasts
 17397 | Lair:8   | Received a gift from Trog
 17593 | Lair:8   | Reached XP level 14. HP: 127/127 MP: 4/13
 17715 | Lair:8   | Reached ****** piety under Trog
 17754 | Lair:8   | Cast into level 2 of the Abyss (spriggan rider)
 17835 | Abyss:2  | Noticed a cyan very ugly thing
 18123 | Abyss:3  | Noticed a starcursed mass
 18162 | Abyss:3  | Noticed a profane servitor
 18210 | Abyss:3  | Killed a profane servitor
 18210 | Abyss:3  | Reached skill level 5 in Throwing
 18215 | Abyss:3  | HP: 8/190 [starcursed mass/accursed screaming (8)]
 18237 | Abyss:3  | Noticed an angel
 18239 | Abyss:3  | HP: 4/127 [angel/whip of holy wrath (22)]
 18239 | Abyss:3  | Mangled by an angel

Skill      XL: |  1  2  3  4  5  6  7  8  9 10 11 12 13 14 |
---------------+-------------------------------------------+-----
Maces & Flails | 4 5 6 7 8 9 10 12 13 14 | 14.9
Fighting       | 4 5 6 7 9 10 11 12 | 12.9
Dodging        | 3 4 5 7 9 10 12 14 15 | 15.9
Stealth        | 1 2 4 5 6 7 8 |  8.5
Shields        | 1 2 3 4 6 7 |  7.8
Throwing       | 1 2 4 5 |  5.0
Armour         | |  2.8
Evocations     | |  0.3

Action                   |  1- 3 |  4- 6 |  7- 9 | 10-12 | 13-15 || total
-------------------------+-------+-------+-------+-------+-------++-------
Melee: Mace              |    50 |   112 |   294 |   572 |    42 ||  1070
       Headbutt          |     8 |    19 |    62 |   169 |   136 ||   394
       Morningstar       |       |       |       |       |   243 ||   243
       Flail             |       |       |       |       |   177 ||   177
Throw: Stone             |       |     6 |    10 |     1 |    23 ||    40
       Tomahawk          |       |       |       |     7 |    13 ||    20
Invok: Berserk           |       |     5 |     8 |    17 |    12 ||    42
       Trog's Hand       |       |       |     2 |     3 |     3 ||     8
       Brothers in Arms  |       |       |       |     1 |     3 ||     4
       Burn Spellbooks   |       |       |       |     2 |     1 ||     3
Evoke: Rod               |       |       |       |     1 |       ||     1
  Use: Scroll            |       |    17 |       |    15 |     3 ||    35
       Potion            |       |       |       |       |     6 ||     6
 Stab: Sleeping          |       |     3 |    11 |    15 |    11 ||    40
       Distracted        |       |       |     1 |       |       ||     1
  Eat: Chunk             |     1 |     8 |    39 |    42 |    17 ||   107
       Bread ration      |       |     1 |       |       |       ||     1
       Beef jerky        |       |       |     1 |       |     2 ||     3
       Meat ration       |       |       |       |       |     1 ||     1
Armor: Animal skin       |     5 |     1 |       |       |       ||     6
       Robe              |       |    10 |    39 |    57 |    68 ||   174
Dodge: Dodged            |    41 |    57 |   204 |   319 |   340 ||   961
Block: Buckler           |       |     9 |    38 |    78 |   113 ||   238
